 Dungeon Crawl Stone Soup version 0.30-a0-1082-g70414cbcbb (webtiles) character file.

Game seed: 4102626763681198092

23 jimonade the Grasshopper (level 2, 0/26 HPs)
             Began as a Gnoll Warper on Apr 15, 2023.
             Succumbed to an orc's poison
             ... on level 2 of the Dungeon.
             The game lasted 00:01:30 (620 turns).

jimonade the Grasshopper (Gnoll Warper)              Turns: 620, Time: 00:01:30

Health: 0/26       AC: 12    Str: 10    XL:     2   Next: 95%
Magic:  16/16      EV:  6    Int: 12    God:
Gold:   62         SH:  0    Dex: 11    Spells: 10/10 levels left

rFire   . . .      SeeInvis .    a - +0 falchion
rCold   . . .      Faith    .    (no shield)
rNeg    . . .      Spirit   .    m - +0 chain mail
rPois   .          Reflect  .    (no helmet)
rElec   .          Rampage  .    l - +2 cloak
rCorr   .                        (no gloves)
Will    .....                    (no boots) Stlth
                                 (no amulet)
HPRegen 0.24/turn                h - ring of magical power
MPRegen 0.15/turn                (no ring)

@: lethally poisoned (0 -> -1), on berserk cooldown, slowed, invisible, very
slow
A: fangs 1, strong nose, distributed training
a: no special abilities


You were on level 2 of the Dungeon.
You visited 1 branch of the dungeon, and saw 2 of its levels.

You collected 62 gold pieces.

Inventory:

Hand Weapons
 a - a +0 falchion (weapon)
 i - a +0 rapier
 n - a +0 flail
 o - a +2 dagger of venom
Missiles
 d - 7 boomerangs of dispersal (quivered)
 e - 9 poisoned darts
Armour
 b - a +0 leather armour
 g - a +0 ring mail
 l - a +2 cloak (worn)
 m - a +0 chain mail (worn)
Jewellery
 h - a ring of magical power (left hand)
Scrolls
 c - a scroll of blinking
 k - a scroll of identify {unknown}
Potions
 j - a potion of berserk rage


   Skills:
 + Level 4.5 Fighting
 + Level 0.5 Short Blades
 + Level 4.5 Long Blades
 + Level 0.5 Axes
 + Level 0.5 Maces & Flails
 + Level 0.5 Polearms
 + Level 0.5 Staves
 + Level 0.5 Ranged Weapons
 + Level 2.5 Throwing
 + Level 2.5 Armour
 + Level 4.5 Dodging
 + Level 0.5 Stealth
 + Level 0.5 Shields
 + Level 0.5 Unarmed Combat
 + Level 4.9 Spellcasting
 + Level 0.4 Conjurations
 + Level 0.4 Hexes
 + Level 0.4 Summonings
 + Level 0.4 Necromancy
 + Level 5.4 Translocations
 + Level 0.4 Transmutations
 + Level 0.4 Fire Magic
 + Level 0.4 Ice Magic
 + Level 0.4 Air Magic
 + Level 0.4 Earth Magic
 + Level 0.4 Poison Magic
 + Level 0.7 Invocations
 + Level 0.5 Evocations


You had 10 spell levels left.
You didn't know any spells.
Your spell library contained the following spells:

 Spells                   Type           Power      Damage    Failure   Level
 Blink                    Tloc           30%        N/A       80%         2
 Lesser Beckoning         Tloc           30%        N/A       80%         2
 Teleport Other           Tloc           15%        N/A       95%         3
 Vhi's Electric Charge    Tloc/Air       18%        N/A       100%        3
 Manifold Assault         Tloc           15%        N/A       100%        4


Dungeon Overview and Level Annotations

Branches:
Dungeon (2/15)

Altars:


Innate Abilities, Weirdness & Mutations

You have very sharp teeth.
Your uncanny sense of smell can sniff out nearby items.
Your experience applies equally to all skills.


Message History

You are more poisoned.
You hit the orc but do no damage.
The orc is heavily wounded.
You feel very sick.
The orc hits you with a +2 dagger of venom.
You are lethally poisoned!
You slash the orc!
You kill the orc!
You feel very sick.
You are too injured to fight recklessly!
You feel very sick.
Things that are here:
a +2 dagger of venom; a +0 chain mail; an orc corpse
o - a +2 dagger of venom You feel very sick.
* * * LOW HITPOINT WARNING * * *
You feel very sick.
* * * LOW HITPOINT WARNING * * *
You feel sick.
* * * LOW HITPOINT WARNING * * *
You feel sick.
There is an open door here.
It was a potion of berserk rage.
A red film seems to cover your vision as you go berserk!
You feel yourself moving faster!
You feel mighty!
* * * LOW HITPOINT WARNING * * *
You feel sick.
You are too berserk!
Unknown command.
You feel a strong urge to attack something.
* * * LOW HITPOINT WARNING * * *
You feel sick.
You feel your anger nearly subside.
You are no longer berserk.
You are exhausted.
You feel yourself slow down.
* * * LOW HITPOINT WARNING * * *
You feel sick.
It was a potion of invisibility.
You fade into invisibility!
You die...

########
######......#
#<...@......+
######......#
#......#
#..[...#
#......#
#......#
#......#
#......#
#......#


There were no monsters in sight!

Vanquished Creatures
  A dart slug (D:1)
  An orc (D:2)
  3 ball pythons (D:1)
  An endoplasm (D:1)
  2 giant cockroaches (D:1)
  2 goblins (D:1)
  2 hobgoblins (D:1)
  3 bats (D:1)
  A frilled lizard (D:1)
  2 rats (D:1)
18 creatures vanquished.

Notes
Turn   | Place    | Note
-------+----------+-------------------------------------------
     0 | D:1      | jimonade the Gnoll Warper began the quest for the Orb.
     0 | D:1      | Reached XP level 1. HP: 20/20 MP: 6/6
    83 | D:1      | Reached XP level 2. HP: 26/26 MP: 7/7
   619 | D:2      | HP: 1/26 [poisoned by an orc]
   620 | D:2      | Succumbed to an orc's poison

Illustrated notes

Levels and vault maps discovered:
D:1:      tarquinn_simple_flora_water_d, layout_rooms, minmay_split_cup_large
D:2:      layout_basic, serial_shops, shop_statue, uniq_robin

Action                     || total
---------------------------++-------
  Melee: Falchion          ||    66
         Bite              ||     6
    Use: Potion            ||     2
 Armour: Leather armour    ||     4
         Ring mail         ||    35
         Chain mail        ||     1
  Dodge: Dodged            ||    55

Table legend: (Time is in decaauts)
 A = Elapsed time spent in this place.
 B = Non-inter-level travel time spent in this place.
 C = Inter-level travel time spent in this place.
 D = Time resting spent in this place.
 E = Time spent auto-exploring this place.
 F = Levels seen in this place.
 G = Mean time per level.
                   A        B        C        D        E       F      G
               +--------+--------+--------+--------+--------+-----+--------+
         Total |    623 |    567 |     56 |      0 |    347 |   2 |  311.5 |
       Dungeon |    623 |    567 |     56 |      0 |    347 |   2 |  311.5 |
               +--------+--------+--------+--------+--------+-----+--------+

Top non-repeatable levels by time:
     D:1: 602 daAuts
     D:2: 21 daAuts
